Map: Eternal Empire LE

Players

DisK - Winner!

  • Race: Protoss Protoss
  • League: Grandmaster
  • Spawn Location: 7:00

Nina

  • Race: Protoss Protoss
  • League: Grandmaster
  • Spawn Location: 1:00

Event: The Miserable Cup

VOD

Have the link to the VOD?

Description

Time

  • Played on: June 21, 2020, 12:37 p.m.
  • Length: 10:26

All games in this series

Show
View Real Time Build Order
Export as new Build Order

DisK Protoss - Winner!

Build Orders: Phoenix Opening, Zealot Archon 

Get SALT Encoding   

  12  0:00  Probe  
  13  0:12  Probe  
  14  0:17  Pylon  
  14  0:24  Probe  
  15  0:33  Probe  
  15  0:35  Gateway  
  15  0:41  Probe  
  16  0:46  Assimilator  
  17  0:51  Probe  
  17  0:54  Assimilator  
  18  0:59  Probe  
  19  1:07  Probe  
  19  1:10  Gateway  
  19  1:17  Probe  
  20  1:23  Cybernetics Core  
  21  1:29  Probe  
  22  1:36  Pylon  
  22  1:41  Probe  
  23  1:54  Probe  
  23  2:01  Warp Gate, Adept x2  
  28  2:05  Pylon  
  28  2:06  Probe  
  29  2:19  Probe  
  30  2:34  Pylon  
  30  2:35  Stalker  
  31  2:37  Stalker  
  31  2:41  Probe  
  34  2:56  Nexus  
  34  3:05  Pylon  
  34  3:09  Sentry x2  
  34  3:10  Probe  
  39  3:23  Probe  
  39  3:26  Robotics Facility  
  38  3:36  Probe, Shield Battery  
  39  3:44  Probe  
  39  3:49  Stalker x2  
  39  3:54  Probe  
  42  3:57  Phoenix  
  43  4:06  Probe  
  43  4:09  Probe  
  45  4:18  Stalker, Probe  
  45  4:19  Stalker  
  45  4:21  Probe  
  51  4:28  Observer  
  51  4:30  Forge, Probe  
  53  4:33  Probe  
  53  4:36  Pylon  
  54  4:46  Protoss Ground Weapons Level 1  
  54  4:50  Probe x2  
  54  4:54  Observer  
  54  4:57  Assimilator  
  54  4:58  Assimilator, Probe x2  
  59  5:08  Probe x2  
  59  5:09  Twilight Council  
  59  5:11  Gateway  
  61  5:17  Gateway  
  61  5:20  Probe  
  62  5:30  Pylon  
  62  5:32  Pylon  
  62  5:42  Gateway  
  62  5:43  Gateway  
  62  5:45  Gateway  
  62  5:48  Gateway  
  62  5:49  Pylon  
  62  5:52  Immortal  
  62  5:54  Charge  
  66  6:05  Observer, Shield Battery  
  66  6:09  Shield Battery  
  66  6:15  Pylon  
  66  6:17  Photon Cannon  
  66  6:23  Zealot  
  66  6:24  Observer, Zealot  
  70  6:35  Photon Cannon, Probe  
  70  6:37  Protoss Ground Weapons Level 2  
  70  6:39  Zealot x2  
  75  7:00  Probe  
  76  7:08  Observer  
  76  7:10  Zealot x2  
  76  7:11  Zealot x3, Templar Archives  
  76  7:14  Pylon  
  86  7:16  Observer  
  86  7:21  Pylon  
  86  7:32  Observer  
  86  7:33  Zealot x3  
  86  7:34  Pylon  
  93  7:43  Warp Prism  
  93  7:48  High Templar x3  
  93  7:49  High Templar  
  101  7:53  Archon x2  
  101  7:58  Pylon x2  
  103  8:10  Zealot  
  103  8:11  Zealot x2  
  107  8:21  Observer  
  107  8:24  High Templar  
  107  8:25  High Templar x3, Zealot  
  117  8:30  Pylon, Archon  
  117  8:32  Pylon  
  117  8:45  High Templar x2  
  121  8:49  Zealot x2  
  121  8:50  Archon  
  124  8:55  Archon  
  124  8:58  Observer  
  124  9:04  Zealot x4  
  118  9:22  Zealot  
  118  9:23  Zealot x2  
  118  9:24  Zealot x2  
  108  9:31  Zealot x3  
  83  9:55  Observer  
  83  9:57  Observer  
  81  10:03  Zealot x3  
  81  10:04  Zealot x5  
Show
View Real Time Build Order
Export as new Build Order

Nina Protoss 

Build Orders: Blink Stalkers, Dark Templar Rush 

Get SALT Encoding   

  12  0:02  Probe  
  13  0:14  Probe  
  13  0:18  Pylon  
  14  0:26  Probe  
  15  0:38  Probe  
  15  0:39  Gateway  
  16  0:46  Probe  
  16  0:50  Assimilator  
  16  0:54  Probe  
  17  0:57  Assimilator  
  17  1:03  Probe  
  18  1:11  Probe, Gateway  
  20  1:19  Probe  
  21  1:27  Cybernetics Core  
  21  1:31  Probe  
  22  1:38  Pylon  
  22  1:44  Probe  
  23  1:56  Probe  
  24  2:03  Stalker x2  
  24  2:06  Warp Gate  
  24  2:08  Probe  
  29  2:20  Probe  
  30  2:23  Pylon  
  30  2:29  Pylon  
  30  2:34  Stalker  
  31  2:41  Stalker, Probe  
  34  2:49  Twilight Council  
  34  3:07  Probe  
  34  3:10  Stalker  
  37  3:13  Shield Battery  
  37  3:31  Dark Shrine  
  37  3:36  Pylon  
  37  3:42  Blink  
  37  3:44  Probe  
  37  3:45  Nexus  
  38  4:01  Probe  
  38  4:16  Probe  
  39  4:22  Gateway  
  39  4:34  Pylon  
  39  4:40  Shadow Stride  
  39  4:48  Nexus  
  39  4:52  Probe  
  40  4:54  Sentry  
  40  4:59  Probe  
  42  5:00  Probe  
  42  5:01  Stalker  
  42  5:07  Probe  
  46  5:08  Probe  
  48  5:16  Probe, Shield Battery  
  48  5:19  Stalker  
  48  5:20  Probe  
  51  5:28  Probe  
  53  5:29  Stalker  
  53  5:32  Probe  
  56  5:36  Stalker  
  56  5:40  Probe  
  59  5:44  Probe  
  59  5:46  Pylon  
  60  5:51  Robotics Facility  
  60  5:54  Dark Templar  
  62  5:59  Assimilator  
  62  6:01  Dark Templar  
  62  6:02  Probe  
  65  6:05  Probe  
  66  6:15  Probe  
  67  6:20  Probe  
  67  6:24  Probe  
  69  6:26  Charge  
  69  6:27  Forge, Probe  
  69  6:32  Probe  
  71  6:36  Probe  
  71  6:39  Assimilator, Probe  
  73  6:44  Probe  
  74  6:53  Probe  
  75  6:59  Gateway x2  
  75  7:02  Protoss Ground Weapons Level 1  
  75  7:03  Gateway  
  75  7:04  Dark Templar  
  75  7:06  Dark Templar  
  79  7:10  Probe  
  79  7:11  Pylon, Probe  
  79  7:15  Gateway  
  81  7:16  Probe  
  81  7:19  Gateway  
  81  7:22  Probe  
  83  7:24  Pylon  
  83  7:26  Probe  
  83  7:28  Shield Battery  
  84  7:31  Observer  
  84  7:34  Dark Templar  
  84  7:35  Probe  
  84  7:36  Probe  
  88  7:41  Probe  
  90  7:47  Zealot x2  
  90  7:49  Probe  
  90  7:51  Pylon, Probe  
  96  7:52  Pylon  
  96  7:58  Zealot  
  96  7:59  Zealot  
  96  8:02  Pylon  
  99  8:07  Zealot  
  101  8:17  Archon x2  
  101  8:23  Dark Templar x3  
  101  8:24  Zealot, Dark Templar  
  101  8:25  Zealot x2  
  116  8:30  Archon x2  
  116  8:31  Immortal  
  116  8:32  Photon Cannon  
  116  8:34  Gateway  
  113  8:35  Pylon  
  113  8:36  Photon Cannon  
  117  8:46  Dark Templar x2  
  121  8:50  Archon  
  121  8:55  Zealot x2  
  125  9:02  Pylon  
  125  9:04  Pylon  
  125  9:07  Dark Templar x2  
  113  9:18  Dark Templar  
  95  9:24  Zealot x5  
  95  9:35  Dark Templar  
  71  9:42  Dark Templar  
  71  9:45  Zealot x6  
  70  9:48  Probe  
  62  10:01  Dark Templar  
  62  10:07  Zealot x3, Dark Templar  
  61  10:08  Zealot x3  
  72  10:20  Zealot  
Tags
 
Add a new tag
Caveats
  • Supply blocks, unpowered buildings, or Contaminate may cause inaccurate times.
  • Supply counts are checked every 10 seconds.